 Dungeon Crawl Stone Soup version 0.31-a0-840-g6d2ecbb638 (webtiles) character file.

Game seed: 14940895578850216212

389923 12345 the Crack Shot (level 22, 0/130 HPs)
             Began as a Deep Elf Hunter on Sept 27, 2023.
             Was a Follower of Uskayaw.
             Shot with an arrow by a deep elf master archer (17 damage)
             ... on level 3 of the Elven Halls.
             The game lasted 01:34:55 (38787 turns).

12345 the Crack Shot (Deep Elf Hunter)             Turns: 38787, Time: 01:34:56

Health: 0/130      AC: 12    Str:  8    XL:     22   Next: 7%
Magic:  38/38      EV: 35    Int: 24    God:    Uskayaw [*.....]
Gold:   3898       SH:  0    Dex: 38    Spells: 19/36 levels left

rFire   + . .        a - +8 arbalest "Naafri" {flame, rF+ Will+ Int+3}
rCold   + . .        (shield currently unavailable)
rNeg    . . .        q - +2 robe {rC+}
rPois   +            g - +2 hat {Will+}
rElec   +            M - +2 cloak {rCorr}
rCorr   +            y - +1 pair of gloves
SInv    +            B - +0 pair of boots
Will    ++++.        j - amulet of faith
Stlth   ++++++++     k - +6 ring of dexterity
HPRegen 0.41/turn    F - ring "Lujass" {rElec rPois Int+3 Dex+6 SInv}
MPRegen 0.26/turn

%: faith
@: no status effects
A: no striking features
}: 2/15 runes: decaying, gossamer
a: Renounce Religion, Stomp


You were on level 3 of the Elven Halls.
You worshipped Uskayaw.
Uskayaw was greatly pleased with you.
You visited 7 branches of the dungeon, and saw 34 of its levels.
You also visited: Bailey.

You collected 5476 gold pieces.
You spent 1578 gold pieces at shops.

Inventory:

Hand Weapons
 a - the +8 arbalest "Naafri" (weapon) {flame, rF+ Will+ Int+3}
   (You bought it in a shop on level 9 of the Dungeon)

   Int+3:     It affects your intelligence (+3).
   rF+:       It protects you from fire.
   Will+:     It increases your willpower.
 b - a +2 dagger of venom
 K - a +2 vampiric short sword
Missiles
 p - 6 throwing nets
 r - 3 curare-tipped darts
 T - 18 poisoned darts
Armour
 g - a +2 hat of willpower (worn)
 q - a +2 robe of cold resistance (worn)
 y - a +1 pair of gloves (worn)
 B - a +0 pair of boots (worn)
 M - a +2 cloak of preservation (worn)
 W - a scarf of resistance
Jewellery
 j - an amulet of faith (around neck)
 k - a +6 ring of dexterity (left hand)
 m - a ring of protection from fire
 F - the ring "Lujass" (right hand) {rElec rPois Int+3 Dex+6 SInv}
   (You found it on level 5 of the Lair of Beasts)

   [ring of dexterity]

   Int+3:     It affects your intelligence (+3).
   Dex+6:     It affects your dexterity (+6).
   rElec:     It insulates you from electricity.
   rPois:     It protects you from poison SInv: It lets you see invisible.
Wands
 s - a wand of polymorph (7)
 x - a wand of roots (13)
 z - a wand of digging (3)
 A - a wand of light (9)
 G - a wand of flame (41)
 N - a wand of paralysis (36)
 P - a wand of mindburst (47)
Scrolls
 c - 6 scrolls of teleportation
 e - 2 scrolls of summoning
 f - 7 scrolls of blinking
 n - 9 scrolls of fear
 u - 5 scrolls of identify
 v - 2 scrolls of vulnerability
 C - 9 scrolls of immolation
 I - 7 scrolls of fog
 Q - 3 scrolls of revelation
 R - 2 scrolls of poison
 Y - a scroll of silence
Potions
 d - 6 potions of heal wounds
 h - 5 potions of haste
 i - 4 potions of mutation
 l - 7 potions of curing
 t - 5 potions of ambrosia
 w - 4 potions of attraction
 D - 2 potions of cancellation
 E - 5 potions of magic
 H - a potion of invisibility
 O - 6 potions of lignification
 S - 2 potions of resistance
 U - 2 potions of enlightenment
 V - 3 potions of berserk rage
 X - 8 potions of brilliance
 Z - 8 potions of might
Miscellaneous
 o - a phantom mirror
 L - a sack of spiders


   Skills:
 + Level 11.4 Fighting
 - Level 4.0 Short Blades
 + Level 21.6 Ranged Weapons
 + Level 15.8 Dodging
 + Level 16.6 Stealth
 + Level 7.6 Spellcasting
 + Level 11.2 Hexes
 - Level 7.0 Translocations
 - Level 7.0 Transmutations
 + Level 3.3 Earth Magic
 * Level 20.2 Invocations
 - Level 10.0 Evocations


You had 19 spell levels left.
You knew the following spells:

 Your Spells              Type           Power      Damage    Failure   Level
a - Cause Fear            Hex            29%        N/A       1%          4
b - Yara's Violent Unrav  Hex/Tmut       26%        3d11      4%          5
c - Passage of Golubria   Tloc           42%        N/A       3%          4
d - Leda's Liquefaction   Hex/Erth       22%        N/A       3%          4

Your spell library contained the following spells:

 Spells                   Type           Power      Damage    Failure   Level
 Wereblood                Tmut           42%        N/A       1%          2
 Dazzling Flash           Conj/Hex       72%        N/A       1%          3
 Tukima's Dance           Hex            59%        N/A       1%          3
 Volatile Blastmotes      Fire/Tloc      50%        2d14      4%          3
 Foxfire                  Conj/Fire      36%        2x1d5     7%          1
 Freeze                   Ice            36%        1d5       7%          1
 Magic Dart               Conj           36%        1d4       7%          1
 Necrotise                Necr           36%        1d5       7%          1
 Fulminant Prism          Conj/Hex       18%        3d10      7%          4
 Searing Ray              Conj           18%        2d5       11%         2
 Sublimation of Blood     Necr           9%         N/A       11%         2
 Iskenderun's Mystic Bla  Conj/Tloc      25%        2d7       16%         4
 Metabolic Englaciation   Hex/Ice        18%        N/A       19%         5
 Summon Mana Viper        Hex/Summ       36%        N/A       19%         5
 Frozen Ramparts          Ice            18%        1d3       21%         3
 Hailstorm                Conj/Ice       9%         3d4       21%         3
 Ozocubu's Armour         Ice            9%         N/A       21%         3
 Vampiric Draining        Necr           9%         2d6       21%         3
 Alistair's Intoxication  Tmut/Pois      16%        N/A       41%         5
 Irradiate                Conj/Tmut      12%        3d15      41%         5
 Summon Forest            Summ/Tloc      12%        N/A       41%         5
 Lee's Rapid Deconstruct  Erth           12%        3d9*      43%         5
 Animate Dead             Necr           9%         N/A       56%         4
 Borgnjor's Vile Clutch   Necr/Erth      8%         N/A       67%         5
 Agony                    Necr           9%         N/A       88%         5
 Fireball                 Conj/Fire      4%         3d4       88%         5
 Eringya's Noxious Bog    Tmut/Pois      12%        4d6       94%         6
 Bombard                  Conj/Erth      8%         9d2       99%         6
 Plasma Beam              Fire/Air       4%         2x1d14    100%        6
 Simulacrum               Ice/Necr       4%         N/A       100%        6
 Starburst                Conj/Fire      4%         6d4       100%        6
 Summon Cactus Giant      Summ           4%         N/A       100%        6
 Haunt                    Necr/Summ      4%         N/A       100%        7
 Summon Hydra             Summ           4%         N/A       100%        7
 Infestation              Necr           4%         N/A       100%        8
 Maxwell's Capacitive Co  Air            4%         ∞         100%        8
 Dragon's Call            Summ           4%         N/A       100%        9


Dungeon Overview and Level Annotations

Branches:
Dungeon (15/15)            Temple (1/1) D:5            Lair (5/5) D:11
  Swamp (4/4) Lair:2       Spider (4/4) Lair:2        Slime (0/5) Lair:4
    Orc (2/2) D:9             Elf (3/3) Orc:2        Vaults (0/5) D:13
 Depths (0/4) D:15         Bailey (visited)

Altars:
Ashenzari
Cheibriados
Dithmenos
Elyvilon
Fedhas
Gozag
Hepliaklqana
Kikubaaqudgha
Makhleb
Nemelex Xobeh
Okawaru
Qazlal
Ru
Sif Muna
Trog
Uskayaw
Vehumet
Wu Jian
Xom
Yredelemnul
Zin
The Shining One
Jiyva

Shops:
D:3 ?   D:9 (:=?   Orc:2 =*[(


Message History

Items here: )) [ ÷ †.
Unknown command.
Unknown command.
You shoot a bolt.
The bolt closely misses the deep elf master archer.
The deep elf master archer throws a stone.
The stone hits you!
* * * LOW HITPOINT WARNING * * *
The deep elf master archer shoots an arrow.
The arrow hits you!!
* * * LOW HITPOINT WARNING * * *
Unknown command.
You feel much better.
The deep elf master archer throws a stone.
The stone misses you.
The deep elf master archer throws a stone.
The stone closely misses you.
Unknown command.
Unknown command.
Aiming: Fastroot
Press: ? - help, Shift-Dir - straight line, f/p - deep elf master archer
Aim: a deep elf master archer, wielding a +0 longbow, wearing a +2 plate armour of willpower, wearing a +6 ring of dexterity and quivering stones (moderately wounded)
The roots erupt in riotous growth!
Roots grab the deep elf master archer.
The grasping roots constrict the deep elf master archer!
You hear a shout! x3
The deep elf master archer throws a stone.
The stone completely misses you.
The deep elf master archer shoots an arrow.
The arrow hits you!!
* * * LOW HITPOINT WARNING * * *
Unknown command.
You shoot a bolt.
The bolt hits the deep elf master archer!!
The bolt burns the deep elf master archer.
The deep elf master archer is severely wounded.
The grasping roots constrict the deep elf master archer.
The deep elf master archer shoots an arrow.
The arrow hits you!
You die...

.......
.....
.).. #).#
#..# #).#
#..# #)e#
###@.#
#))..# #+
####)####
#.
##.)..#
#.
#.)####
.## ##.##
..# #))#
#.# #.##
#.###.#


You could see a deep elf master archer (rooted).

Vanquished Creatures
  Nikola (Spider:3)
  Arachne (Spider:3)
  Mlioglotl (Spider:3)
  Rupert (D:13)
  Jorgrun (D:14)
  3 deep elf blademasters
  A thorn hunter (Swamp:2)
  The ghost of Pimul the Severer, an adept GrBe of Trog (Swamp:3)
  5 emperor scorpions
  5 deep elf elementalists (Elf:3)
  5 deep elf sorcerers
  5 ghost moths
  Louise (Elf:1)
  A ghoul (Swamp:3)
  2 broodmothers
  3 orc warlords (Orc:2)
  A war gargoyle (D:13)
  4 eleionomae
  2 deep elf demonologists (Elf:3)
  A dire elephant (Lair:3)
  The ghost of semem the Carver, a journeyman DsGl of Gozag (Orc:2)
  5 deep elf annihilators
  3 bunyips
  A spark wasp (Spider:4)
  5 fire dragons
  Snorg (Orc:1)
  5 deep elf death magi
  2 ettins (Orc:1)
  6 entropy weavers
  2 vault guards (Bailey)
  Harold (Orc:1)
  19 hydras
  2 deep elf high priests (Elf:3)
  An ice dragon (D:15)
  3 jorogumos
  A merfolk avatar (Lair:5)
  An anaconda (Lair:4)
  3 radroaches
  2 catoblepae
  4 centaur warriors
  6 alligators
  25 dancing weapons
  A spriggan air mage (Swamp:3)
  5 death yaks (Lair:4)
  7 death scarabs (Spider:4)
  9 boulder beetles
  An anaconda (shapeshifter) (Elf:1)
  A tengu warrior (D:14)
  7 demonic crawlers
  6 two-headed ogres
  2 orc high priests
  Urug (D:10)
  11 spriggans
  16 deep elf knights
  A skyshark (Lair:4)
  A sun moth (Spider:4)
  A fire crab (Swamp:4)
  2 goliath frogs
  4 pharaoh ants
  A sea snake (Lair:5)
  5 spriggan druids
  4 swamp dragons
  4 bog bodies
  7 deep elf archers
  2 lindwurms (Swamp:4)
  5 orb spiders
  13 wolf spiders
  6 orc knights
  7 steelbarb worms
  A harpy (Lair:5)
  2 necromancers (Elf:1)
  Pikel (D:9)
  A spectral wolf spider (Spider:4)
  25 deep elf pyromancers
  22 deep elf zephyrmancers
  12 ugly things
  5 oklob plants (Lair:4)
  2 cyclopes
  5 orc sorcerers
  7 moths of wrath
  5 manticores
  28 elephants
  6 torpor snails
  Maurice (D:8)
  12 black mambas
  9 gargoyles
  13 cane toads
  A kobold demonologist (D:11)
  Psyche (D:8)
  A yaktaur (D:14)
  4 rime drakes
  3 spectral redbacks (Spider:4)
  2 unseen horrors
  15 komodo dragons
  3 tengu conjurers
  12 tyrant leeches
  6 trolls
  A merfolk (D:13)
  2 bloated husks
  3 spectral jumping spiders (Spider:4)
  6 meliai (Spider:3)
  8 hornets
  2 polar bears
  37 blink frogs
  A spectral tarantella (Spider:4)
  2 spectral culicivoras (Spider:4)
  34 tarantellas
  2 tarantella zombies (Spider:4)
  Prince Ribbit (Bailey)
  A snapping turtle (Lair:5)
  2 jumping spider zombies (Spider:4)
  7 dream sheep (Lair:3)
  An air elemental (Elf:2)
  21 jumping spiders
  Sigmund (D:3)
  19 culicivoras
  A water elemental (Elf:2)
  51 yaks
  16 slime creatures
  A shadow (D:9)
  6 wyverns
  2 large abominations (Elf:1)
  2 fire bats (Swamp:4)
  9 wraiths
  A basilisk (Lair:5)
  3 humans (Bailey)
  A basilisk (shapeshifter) (D:13)
  28 vampire mosquitoes
  4 steam dragons
  61 redbacks
  5 wargs
  18 swamp worms
  An acid dragon (D:11)
  7 swamp drakes
  19 water moccasins
  36 orc warriors
  3 black bears
  A black bear (shapeshifter) (Elf:1)
  2 ice beasts (D:7)
  A sky beast (D:8)
  16 centaurs
  5 ogres
  3 lemures (D:9)
  2 phantoms
  6 kobold brigands
  Blork the orc (Orc:2)
  An elf zombie (Elf:1)
  An earth elemental (Elf:2)
  11 bullfrogs
  2 gnoll sergeants
  4 scorpions
  4 killer bees
  A lava snake (Swamp:4)
  5 hounds
  6 jellies
  5 sleepcaps
  Crazy Yiuf (D:2)
  24 orc priests
  27 orc wizards
  Natasha (thrice) (D:3)
  5 iguanas
  8 ogre zombies (D:9)
  10 gnolls
  11 adders
  A shadow imp (D:6)
  A white imp (D:5)
  An ufetubus (D:4)
  A dart slug (D:3)
  81 orcs
  27 endoplasms
  5 giant cockroaches
  12 goblins
  9 hobgoblins
  12 jackals
  26 kobolds
  4 quokkas
  7 ball pythons
  6 bats
  5 frilled lizards
  2 goblin zombies (D:9)
  A hobgoblin skeleton (D:9)
  3 hobgoblin zombies (D:9)
  3 orc skeletons (D:9)
  16 orc zombies (D:9)
  23 rats
  A butterfly (D:5)
1318 creatures vanquished.

Vanquished Creatures (others)
  A swamp dragon (Swamp:4)
  A deep elf pyromancer (Elf:1)
  A deep elf zephyrmancer (Elf:2)
  A tarantella (Spider:3)
  A jumping spider (Spider:3)
  2 steam dragons (Swamp:4)
  2 swamp drakes (Swamp:4)
  An orc wizard (D:8)
10 creatures vanquished.

Grand Total: 1328 creatures vanquished

Notes
Turn   | Place    | Note
-------+----------+-------------------------------------------
     0 | D:1      | 12345 the Deep Elf Hunter began the quest for the Orb.
     0 | D:1      | Reached XP level 1. HP: 12/12 MP: 3/3
     0 | D:1      | Noticed an octopode
     1 | D:1      | Noticed a draconian
     3 | D:1      | Noticed a merfolk
     6 | D:1      | Noticed a tengu
     7 | D:1      | Noticed a human
    10 | D:1      | Noticed a vampire
    10 | D:1      | Noticed an ogre
    12 | D:1      | Noticed a minotaur
    13 | D:1      | Noticed a vampire
    14 | D:1      | Noticed an elf
    16 | D:1      | Noticed a human
    16 | D:1      | Noticed a barachi
    18 | D:1      | Noticed a demigod
    18 | D:1      | Noticed a tengu
   192 | D:1      | Reached XP level 2. HP: 17/17 MP: 4/4
   780 | D:2      | Reached XP level 3. HP: 21/21 MP: 5/5
   814 | D:2      | Reached skill level 6 in Ranged Weapons
   957 | D:2      | Reached XP level 4. HP: 26/26 MP: 6/6
  1309 | D:2      | Found a runed translucent door.
  1310 | D:2      | Noticed Crazy Yiuf
  1472 | D:3      | Found a faded altar of an unknown god.
  1529 | D:3      | Noticed Natasha
  1701 | D:3      | Reached skill level 1 in Spellcasting
  1765 | D:3      | Noticed Sigmund
  1767 | D:3      | Found Adeloug's Magic Scroll Boutique.
  1821 | D:3      | Reached XP level 5. HP: 30/30 MP: 8/8
  2479 | D:4      | Reached skill level 7 in Ranged Weapons
  2796 | D:4      | Reached XP level 6. HP: 36/36 MP: 9/11
  3458 | D:4      | Found an opulent altar of Gozag.
  3493 | D:4      | Found a white marble altar of Elyvilon.
  3742 | D:5      | Entered Level 5 of the Dungeon
  3751 | D:5      | Reached XP level 7. HP: 40/40 MP: 11/13
  3757 | D:5      | Found a staircase to the Ecumenical Temple.
  3766 | Temple   | Entered the Ecumenical Temple
  3775 | Temple   | Became a worshipper of Uskayaw the Reveller
  3807 | D:5      | Reached * piety under Uskayaw
  3845 | D:5      | Reached ** piety under Uskayaw
  3847 | D:5      | Reached skill level 8 in Ranged Weapons
  3936 | D:5      | Reached skill level 1 in Short Blades
  4160 | D:5      | Reached *** piety under Uskayaw
  4321 | D:5      | Found a shimmering altar of Xom.
  4464 | D:5      | Found a sacrificial altar of Ru.
  4549 | D:5      | Reached skill level 1 in Invocations
  4580 | D:5      | Reached skill level 5 in Dodging
  4730 | D:6      | Reached **** piety under Uskayaw
  4731 | D:6      | Reached XP level 8. HP: 41/46 MP: 12/15
  4780 | D:6      | Reached skill level 5 in Stealth
  4849 | D:6      | Reached skill level 9 in Ranged Weapons
  5854 | D:6      | Reached skill level 1 in Evocations
  6162 | D:6      | Found a shadowy altar of Dithmenos.
  6216 | D:6      | Reached XP level 9. HP: 23/52 MP: 8/17
  6538 | D:7      | Reached skill level 10 in Ranged Weapons
  6645 | D:7      | You fall into a shaft and drop 3 floors!
  6645 | D:10     | Entered Level 10 of the Dungeon
  6816 | D:10     | Reached skill level 5 in Invocations
  7030 | D:9      | Found Hymaexeu's Magic Scroll Emporium.
  7034 | D:9      | Bought a scroll of fear for 52 gold pieces
  7034 | D:9      | Bought a scroll of immolation for 52 gold pieces
  7034 | D:9      | Bought a scroll of identify for 26 gold pieces
  7034 | D:9      | Bought a scroll of identify for 26 gold pieces
  7056 | D:9      | Found Daudar's Jewellery Shop.
  7212 | D:9      | Reached ***** piety under Uskayaw
  7280 | D:9      | Reached skill level 11 in Ranged Weapons
  7401 | D:9      | Reached XP level 10. HP: 29/58 MP: 8/18
  7497 | D:9      | Found a flagged portal.
  7530 | Bailey   | Entered a bailey
  7628 | Bailey   | Reached skill level 5 in Fighting
  7709 | Bailey   | Noticed a vault guard
  7732 | Bailey   | Killed a vault guard
  7733 | Bailey   | Reached skill level 12 in Ranged Weapons
  7915 | Bailey   | Noticed a vault guard
  7915 | Bailey   | Noticed Prince Ribbit
  7923 | Bailey   | Killed Prince Ribbit
  7935 | Bailey   | Killed a vault guard
  8025 | D:9      | Found Boosiffylat's Antique Weapon Emporium.
  8035 | D:9      | Bought a dazzling arbalest for 209 gold pieces
  8035 | D:9      | Identified the +8 arbalest "Naafri" {flame, rF+ Will+
                  | Int+3} (You bought it in a shop on level 9 of the Dungeon)
  8125 | D:8      | Noticed Maurice
  8130 | D:8      | Killed Maurice
  8372 | D:8      | Found a hazy altar of Hepliaklqana.
  8446 | D:8      | Noticed Psyche
  8450 | D:8      | Killed Psyche
  8451 | D:8      | Reached XP level 11. HP: 61/64 MP: 19/19
  8942 | D:7      | Reached skill level 13 in Ranged Weapons
  9448 | D:2      | Killed Crazy Yiuf
  9520 | D:3      | Killed Natasha
  9575 | D:3      | Killed Sigmund
  9582 | D:3      | Noticed Natasha
  9583 | D:3      | Killed Natasha
  9597 | D:3      | Bought a scroll of revelation for 90 gold pieces
  9597 | D:3      | Bought a scroll of poison for 48 gold pieces
  9670 | D:3      | Noticed Natasha
  9671 | D:3      | Killed Natasha
  9819 | D:9      | Identified the +7 chain mail of Tuinnyun {+Blink rC++ Will-
                  | Int+4}
  9826 | D:9      | Found a staircase to the Orcish Mines.
  9940 | D:9      | Noticed Pikel
  9945 | D:9      | Killed Pikel
 10053 | D:9      | Found Kiophes's Book Shop.
 10250 | D:10     | Noticed Urug
 10256 | D:10     | Killed Urug
 10268 | D:10     | Found a sparkling altar of Nemelex Xobeh.
 10268 | D:10     | Found an ancient bone altar of Kikubaaqudgha.
 10292 | D:10     | Found a shimmering blue altar of Sif Muna.
 10292 | D:10     | Found a snail-covered altar of Cheibriados.
 10513 | D:10     | Noticed a boulder beetle
 10520 | D:10     | Killed a boulder beetle
 10551 | D:10     | Noticed a two-headed ogre
 10707 | D:10     | Killed a two-headed ogre
 10745 | D:10     | Found a glowing silver altar of Zin.
 11137 | D:11     | Reached skill level 14 in Ranged Weapons
 11146 | D:11     | Reached ****** piety under Uskayaw
 11218 | D:11     | Noticed a two-headed ogre
 11220 | D:11     | Killed a two-headed ogre
 11281 | D:11     | Reached skill level 10 in Invocations
 11327 | D:11     | Found a staircase to the Lair.
 11340 | D:11     | Reached XP level 12. HP: 71/71 MP: 21/21
 11360 | D:11     | Noticed a boulder beetle
 11809 | D:11     | Noticed a two-headed ogre
 11813 | D:11     | Killed a two-headed ogre
 11926 | D:11     | Killed a boulder beetle
 12093 | D:11     | Reached skill level 10 in Stealth
 12251 | D:11     | Reached skill level 15 in Ranged Weapons
 12253 | D:11     | Noticed a two-headed ogre
 12257 | D:11     | Killed a two-headed ogre
 12258 | D:11     | Reached skill level 10 in Dodging
 12392 | Lair:1   | Entered Level 1 of the Lair of Beasts
 12741 | Lair:1   | Reached XP level 13. HP: 56/76 MP: 23/23
 12749 | Lair:1   | Reached skill level 5 in Evocations
 13299 | Lair:2   | Reached skill level 16 in Ranged Weapons
 13568 | Lair:2   | Found a hole to the Spider Nest.
 13840 | Lair:2   | Found a staircase to the Swamp.
 14774 | Lair:3   | Noticed a dire elephant
 14785 | Lair:3   | Killed a dire elephant
 15360 | Lair:4   | Reached skill level 17 in Ranged Weapons
 15499 | Lair:4   | Reached XP level 14. HP: 6/84 MP: 18/25
 16375 | Lair:4   | Found a viscous altar of Jiyva.
 16677 | Lair:4   | Found a staircase to the Slime Pits.
 16856 | Lair:5   | Entered Level 5 of the Lair of Beasts
 16882 | Lair:5   | Reached skill level 18 in Ranged Weapons
 17458 | Lair:5   | Learned a level 4 spell: Cause Fear
 17458 | Lair:5   | Identified the ring "Lujass" {rElec rPois Int+3 Dex+6 SInv}
 17465 | Lair:5   | Identified the +6 flail "Hunumaull" {heavy, rC- MP+9 Int-3
                  | Stlth+}
 17904 | D:12     | Reached skill level 1 in Hexes
 18220 | D:13     | Reached XP level 15. HP: 89/89 MP: 27/27
 18584 | D:13     | Noticed Rupert
 18591 | D:13     | Killed Rupert
 18837 | D:13     | Found a gate to the Vaults.
 19029 | D:14     | Noticed Jorgrun
 19046 | D:14     | Killed Jorgrun
 19444 | D:14     | Reached skill level 19 in Ranged Weapons
 19721 | D:14     | Found a shadowy altar of Dithmenos.
 19895 | D:14     | Reached skill level 15 in Invocations
 20179 | D:15     | Entered Level 15 of the Dungeon
 21133 | D:15     | Found a staircase to the Depths.
 21441 | Orc:1    | Entered Level 1 of the Orcish Mines
 21466 | Orc:1    | Noticed Harold
 21469 | Orc:1    | Killed Harold
 21568 | Orc:1    | Noticed Snorg
 21589 | Orc:1    | Killed Snorg
 22007 | Orc:2    | Entered Level 2 of the Orcish Mines
 22051 | Orc:2    | Reached skill level 5 in Hexes
 22121 | Orc:2    | Reached XP level 16. HP: 70/96 MP: 21/29
 22299 | Orc:2    | Noticed Blork the orc
 22305 | Orc:2    | Killed Blork the orc
 22507 | Orc:2    | Found Laceg's General Store.
 22529 | Orc:2    | Found Amomuc's Antique Armour Shop.
 22596 | Orc:2    | Found a runed translucent gate.
 22596 | Orc:2    | Found a runed translucent gate.
 22597 | Orc:2    | Found a runed translucent gate.
 22597 | Orc:2    | Noticed semem's ghost (journeyman DsGl)
 22676 | Orc:2    | Found a staircase to the Elven Halls.
 22709 | Orc:2    | Paralysed by an orc sorcerer for 4 turns
 22968 | Orc:2    | Found a bloodstained altar of Trog.
 23136 | Orc:2    | Found Zokazoa's Jewellery Shop.
 23150 | Orc:2    | Found Xecym's Antique Weapon Shop.
 23158 | Orc:2    | Bought a bloodstained dagger for 154 gold pieces
 23158 | Orc:2    | Identified the +6 dagger "Xitzare" {venom, MP+9 Dex-3 SInv}
                  | (You bought it in a shop on level 2 of the Orcish Mines)
 23546 | Orc:2    | Killed semem's ghost
 23710 | Orc:2    | Bought a transparent leather armour for 217 gold pieces
 23710 | Orc:2    | Identified the +0 leather armour of Trumpets {rCorr} (You
                  | bought it in a shop on level 2 of the Orcish Mines)
 23710 | Orc:2    | Bought a smoking leather armour for 217 gold pieces
 23710 | Orc:2    | Identified the +3 leather armour "Xerhy" {rN+ SInv} (You
                  | bought it in a shop on level 2 of the Orcish Mines)
 23930 | Swamp:1  | Entered Level 1 of the Swamp
 24110 | D:9      | Bought Great Wizards, Vol. VII for 390 gold pieces
 24777 | Swamp:1  | Learned a level 5 spell: Yara's Violent Unravelling
 24782 | Swamp:1  | Learned a level 4 spell: Passage of Golubria
 24847 | Swamp:2  | Reached skill level 20 in Ranged Weapons
 24951 | Swamp:2  | Reached skill level 1 in Translocations
 24968 | Swamp:2  | Reached skill level 1 in Transmutations
 25057 | Swamp:2  | Noticed a thorn hunter
 25059 | Swamp:2  | Killed a thorn hunter
 25980 | Swamp:3  | Found a runed translucent door.
 25982 | Swamp:3  | Noticed Pimul's ghost (adept GrBe)
 26145 | Swamp:3  | Reached XP level 17. HP: 101/101 MP: 31/31
 26148 | Swamp:3  | Identified the amulet of the Scarab {Rampage *Corrode rF+
                  | rC+ Regen+}
 26304 | Swamp:3  | Killed Pimul's ghost
 26639 | Swamp:4  | Entered Level 4 of the Swamp
 26878 | Swamp:4  | Reached skill level 10 in Fighting
 27528 | Swamp:4  | Reached XP level 18. HP: 107/107 MP: 32/32
 27565 | Swamp:4  | Reached skill level 10 in Evocations
 27915 | Swamp:4  | Got a decaying rune of Zot
 28288 | Spider:1 | Entered Level 1 of the Spider Nest
 28468 | Spider:1 | Identified the +0 robe "Icep" {+Inv rC+ Will-}
 29751 | Spider:2 | Reached skill level 5 in Spellcasting
 30117 | Spider:3 | Noticed Nikola
 30124 | Spider:3 | Noticed Mlioglotl
 30506 | Spider:2 | Reached skill level 15 in Stealth
 30688 | Spider:3 | Killed Mlioglotl
 31241 | Spider:3 | Killed Nikola
 31346 | Spider:3 | Noticed Arachne
 31539 | Spider:2 | Reached skill level 5 in Transmutations
 31747 | Spider:3 | Killed Arachne
 32051 | Spider:3 | Reached skill level 5 in Translocations
 32085 | Spider:3 | Identified the +0 chain mail of the Invisible Hand {rElec
                  | rPois rC- Str+5 SInv}
 32638 | Spider:4 | Entered Level 4 of the Spider Nest
 33174 | Spider:4 | Reached XP level 19. HP: 113/113 MP: 34/34
 33805 | Spider:4 | Reached skill level 21 in Ranged Weapons
 33852 | Spider:4 | Reached skill level 15 in Dodging
 34352 | Spider:4 | Identified the orb "Kenk" {*Rage, Regen+ rCorr Str+2
                  | Stlth-}
 34387 | Spider:4 | Got a gossamer rune of Zot
 34398 | Spider:4 | Reached XP level 20. HP: 119/119 MP: 35/35
 34625 | D:9      | Bought a scroll of enchant armour for 97 gold pieces
 34694 | Elf:1    | Entered Level 1 of the Elven Halls
 34694 | Elf:1    | Found a runed translucent gate.
 34694 | Elf:1    | Found a runed translucent gate.
 34694 | Elf:1    | Found a runed translucent gate.
 34694 | Elf:1    | Found a runed translucent gate.
 34694 | Elf:1    | Found a runed translucent gate.
 34694 | Elf:1    | Found a runed translucent gate.
 34695 | Elf:1    | Found a runed translucent door.
 35069 | Elf:1    | Reached skill level 10 in Hexes
 35089 | Elf:1    | Reached XP level 21. HP: 124/124 MP: 36/36
 35142 | Elf:1    | Identified the +7 tower shield "Pempebb" {Slay+6}
 35142 | Elf:1    | Noticed Louise
 35168 | Elf:1    | Killed Louise
 35471 | Elf:1    | Found a runed translucent door.
 36094 | Elf:1    | Learned a level 4 spell: Leda's Liquefaction
 36158 | Elf:2    | Reached skill level 1 in Earth Magic
 36708 | Elf:2    | Found a runed translucent gate.
 36708 | Elf:2    | Found a runed translucent gate.
 36709 | Elf:2    | Found a runed translucent gate.
 37836 | Elf:3    | Entered Level 3 of the Elven Halls
 38388 | Elf:3    | Reached XP level 22. HP: 130/130 MP: 38/38
 38637 | Elf:3    | Identified the ring of Cenie {+Blink rPois rC+ MP+9 Dex+6}
 38787 | Elf:3    | Shot with an arrow by a deep elf master archer

Illustrated notes

Levels and vault maps discovered:
D:1:      shiori_arrival_whats_in_store_for_you, layout_loops_ring
D:2:      layout_basic, uniq_crazy_yiuf_cottage
D:3:      layout_loops_cross, ebering_ecumenical_altar_rust, serial_shops, shop,
          minmay_rat_hole, uniq_natasha, uniq_sigmund
D:4:      minmay_chambers_of_twos, layout_loops_ring,
          mainiacjoe_overflow_six_doors_small,
          mainiacjoe_overflow_small_starburst
D:5:      layout_cave_pools, xom_butterflies, mainiacjoe_overflow_alcove_2,
          minmay_temple_entry_mini_moons, nicolae_nh_ransacked_shop
D:6:      layout_gridville, lemuel_tele_altar
D:7:      layout_basic
D:8:      minmay_goldmine, layout_loops_ring, mainiacjoe_overflow_tiny_flanked,
          uniq_psyche, uniq_maurice
D:9:      layout_basic, zombieorc2_lemuel, enter_bailey_5, serial_shops, shop,
          nicolae_shop_statue_plus, nicolae_shop_hallway_stairs, shop,
          uniq_pikel
D:10:     layout_gridville, zin_treasury, grunt_temple_overflow_open, uniq_urug
D:11:     layout_loops_ring, lair_entry_dummy, onia_ninara_cookie
D:12:     layout_rooms
D:13:     gargoyle_guard, layout_cave_pools, hellmonk_vaults_attempted_burglary,
          hangedman_fish_farm, uniq_rupert
D:14:     layout_cave_pods, grunt_dithmenos_smoke, uniq_jorgrun
D:15:     grunt_enter_depths_hoard, layout_basic, serial_park_square2
Temple:   nicolae_temple_ecumenical_triangle
Lair:1:   layout_hall_layers, grunt_megastairs_5
Lair:2:   lemuel_slime, layout_small_grid, minmay_swamp_entry_swarm,
          spider_nest_entry_rubble, lemuel_fruit_tree
Lair:3:   layout_cave_pods, nicolae_lair_grazing_beasts
          [nicolae_sub_lair_graze_edge, nicolae_sub_lair_graze_edge,
          nicolae_sub_lair_graze_edge, nicolae_sub_lair_graze_edge]
Lair:4:   beast_lair_carwin_large_4, layout_regular_city,
          minmay_slime_entry_oklob_enclosed
Lair:5:   gammafunk_lair_ancient_temple, layout_small_grid
Swamp:1:  layout_basic_swamp, nicolae_swamp_round_clearing, swamp_pool2,
          nicolae_swamp_bloodsuckers_inc
Swamp:2:  nicolae_swamp_decorative_isthmus, layout_basic_swamp,
          nicolae_swamp_bean_lake
Swamp:3:  layout_basic_swamp, ebering_ghost_inner_flame,
          evilmike_swamp_ruin_house_2, swamp_pool1
Swamp:4:  swamp_fiery, layout_basic_swamp, infiniplex_staircase_pool
Spider:1: layout_spider_delve, hellmonk_motheaten_closet
Spider:2: layout_spider_delve
Spider:3: layout_spider_delve, hangedman_spider_tarantella_strand, uniq_nikola,
          uniq_arachne, uniq_mlioglotl
Spider:4: floodkiller_spider_rune_tomb
Orc:1:    layout_caves, nicolae_orc_bridge_out, nicolae_orc_flooded_monolith,
          uniq_snorg, uniq_harold
Orc:2:    grunt_orc_cross, layout_caves, basic_altar, gammafunk_ghost_split
Elf:1:    nicolae_elf_arrival_dilemma, layout_loops_corners,
          minmay_elf_necromancy, roderic_roman_lattice, uniq_louise
Elf:2:    elven_hall_of_blades_hangedman_original
          [infiniplex_blade_entry_pillars], layout_loops_corners, minivault_16,
          grunt_ministairs_2
Elf:3:    minmay_elf_hall_x, layout_gridlike, serial_shops, shop

Skill      XL: |  1  2  3  4  5  6  7  8  9 10 11 12 13 14 15 16 17 18 19 20 21 |
---------------+----------------------------------------------------------------+-----
Stealth        | 2 3 4 5 7 8 9 10 11 12 13 14 15 16 | 16.6
Dodging        | 3 4 5 7 8 9 10 11 12 13 14 15 | 15.8
Fighting       | 2 3 4 5 6 7 8 9 10 11 | 11.4
Ranged Weapons | 6 7 8 9 11 12 14 15 17 18 19 20 21 | 21.6
Spellcasting   | 1 2 3 4 6 7 |  7.6
Short Blades   | 1 2 3 4 |  4.0
Invocations    | 1 4 6 8 10 11 13 14 15 17 18 19 20 | 20.2
Evocations     | 1 2 3 4 6 7 9 10 | 10.0
Hexes          | 1 5 6 7 9 10 11 | 11.2
Translocations | 2 3 5 6 7 |  7.0
Transmutations | 2 3 5 6 7 |  7.0
Earth Magic    | 3 |  3.3

Action                     |  1- 3 |  4- 6 |  7- 9 | 10-12 | 13-15 | 16-18 | 19-21 | 22-24 || total
---------------------------+-------+-------+-------+-------+-------+-------+-------+-------++-------
  Melee: Dagger            |       |       |    91 |    13 |     8 |    44 |     5 |       ||   161
         Shortbow          |       |       |     2 |       |       |       |       |       ||     2
         Punch             |       |       |     1 |       |       |       |       |       ||     1
   Fire: Shortbow          |   125 |   221 |   269 |       |       |       |       |       ||   615
         Orcbow            |       |       |   249 |    94 |       |       |       |       ||   343
         Arbalest          |       |       |       |   377 |   894 |   952 |   505 |    37 ||  2765
  Throw: Throwing net      |       |     1 |       |       |       |       |       |       ||     1
   Cast: Cause Fear        |       |       |       |       |       |     1 |       |       ||     1
         Yara's Violent Un |       |       |       |       |       |       |     4 |       ||     4
 Invoke: Stomp             |       |       |       |     1 |    21 |    38 |     8 |     4 ||    72
         Grand Finale      |       |       |       |       |     2 |     1 |       |       ||     3
  Evoke: Wand              |       |       |     3 |     2 |     1 |     3 |       |     1 ||    10
    Use: Scroll            |       |     1 |     9 |     8 |     5 |    10 |     3 |       ||    36
         Potion            |       |       |       |       |     7 |     6 |     2 |     1 ||    16
   Stab: Sleeping          |       |       |     1 |     3 |     1 |       |       |       ||     5
         Paralysed         |       |       |     1 |     4 |     6 |    14 |     5 |       ||    30
 Armour: Leather armour    |    24 |    48 |       |       |       |       |       |       ||    72
         Robe              |       |    51 |   206 |    50 |   152 |   211 |    78 |    17 ||   765
  Dodge: Dodged            |    48 |   138 |   303 |    81 |   269 |   571 |   220 |    13 ||  1643

Table legend: (Time is in decaauts)
 A = Elapsed time spent in this place.
 B = Non-inter-level travel time spent in this place.
 C = Inter-level travel time spent in this place.
 D = Time resting spent in this place.
 E = Time spent auto-exploring this place.
 F = Levels seen in this place.
 G = Mean time per level.
                   A        B        C        D        E       F      G
               +--------+--------+--------+--------+--------+-----+--------+
         Total |  39207 |  36241 |   2966 |  11810 |  16681 |  35 | 1120.2 |
       Dungeon |  15862 |  14513 |   1349 |   3295 |   7636 |  15 | 1057.5 |
        Temple |     18 |     10 |      8 |      0 |      0 |   1 |   18.0 |
          Lair |   5865 |   5244 |    621 |   1158 |   3114 |   5 | 1173.0 |
         Swamp |   4285 |   4062 |    223 |   1734 |   1644 |   4 | 1071.2 |
   Spider Nest |   6215 |   5753 |    462 |   3052 |   1593 |   4 | 1553.8 |
  Orcish Mines |   2401 |   2160 |    241 |    742 |   1002 |   2 | 1200.5 |
   Elven Halls |   4090 |   4030 |     60 |   1722 |   1667 |   3 | 1363.3 |
        Bailey |    468 |    468 |      0 |    107 |     25 |   1 |  468.0 |
               +--------+--------+--------+--------+--------+-----+--------+

Top non-repeatable levels by time:
Spider:2: 2083 daAuts
Spider:4: 1901 daAuts
     D:6: 1662 daAuts
   Orc:2: 1604 daAuts
   Elf:1: 1600 daAuts
  Lair:4: 1588 daAuts
  Lair:2: 1571 daAuts
   Elf:2: 1538 daAuts
    D:10: 1449 daAuts
 Swamp:4: 1444 daAuts
    D:11: 1405 daAuts
    D:14: 1379 daAuts
     D:3: 1307 daAuts
Spider:1: 1274 daAuts
     D:4: 1185 daAuts
